AoeStats
← warchickens

Arena

509145822Analyzed
1v1 RM · 7d ago on Sep 25, 2026· 48m 12s· 2 players
Game mode
Random Map
Map size
Tiny (2 player)
Population
200
Speed
Normal
Resources
Standard
Victory
Conquest
Starting age
Dark Age
Ending age
Imperial Age
RankedLock teamsTeams togetherTeam positionsShared explorationLock speedFull tech treeHidden civsTurbo modeCheats
Victory
Defeat
🇵🇪 Teutons · Peru
1351
+16
🇨🇦 Turks · Canada
1351
-16
warchickens
11:47 Feudal Age
23:15 Loom
26:02 Castle Age
25:24 Double-Bit Axe
30:38 Horse Collar
31:11 Bow Saw
34:03 Heavy Plow
JAGR | OLD BUST@
8:26 Feudal Age
7:57 Loom
10:01 Fletching
23:35 Castle Age
21:24 Double-Bit Axe
21:59 Horse Collar
24:21 Bodkin Arrow
25:20 Guard Tower
26:21 Bow Saw
27:01 Wheelbarrow
27:53 Heavy Plow
29:52 Town Watch
31:07 Ballistics
32:17 Hand Cart
34:26 Gold Mining
39:37 Imperial Age
39:12 Bloodlines
40:41 Crenellations
40:41 Cavalier
44:07 Scale Barding Armor
44:47 Forging
45:21 Conscription
45:50 Masonry
47:14 Chain Barding Armor
48:09 Hand Cart
49:14 Crop Rotation
Connection lost

Rejoining the realm…

Still unreachable

The connection could not be restored.

Session expired

The server has moved on; the page needs a fresh start.